Map: Oxide LE

Players

Bioice

  • Race: Zerg Zerg
  • League: Master

MCanning - Winner!

  • Race: Protoss Protoss
  • League: Master

VOD

Have the link to the VOD?

Description

Time

  • Played on: July 24, 2021, 7:30 p.m.
  • Length: 10:27
Show
View Real Time Build Order
Export as new Build Order

Bioice Zerg 

Build Orders: Hatch First 

Get SALT Encoding   

  12  0:00  Drone  
  13  0:13  Overlord  
  13  0:17  Drone  
  14  0:31  Drone x2  
  16  0:48  Hatchery  
  15  0:51  Drone  
  15  0:54  Drone  
  17  0:59  Drone  
  18  1:06  Extractor  
  17  1:14  Spawning Pool  
  17  1:18  Drone  
  17  1:20  Drone  
  18  1:28  Drone  
  19  1:39  Drone  
  20  1:50  Drone  
  21  2:01  Queen x2  
  21  2:02  Drone  
  21  2:03  Overlord  
  26  2:12  Drone x2  
  26  2:13  Metabolic Boost  
  28  2:22  Drone x2  
  30  2:36  Hatchery  
  29  2:39  Drone x2  
  29  2:42  Zergling x2  
  32  2:45  Overlord  
  32  2:49  Queen  
  34  2:54  Drone  
  34  2:58  Zergling x2  
  36  3:04  Overlord  
  35  3:07  Drone  
  35  3:11  Drone x6  
  42  3:15  Queen  
  44  3:20  Overlord  
  44  3:24  Drone  
  44  3:26  Queen  
  45  3:30  Drone  
  45  3:31  Drone  
  49  3:36  Roach Warren  
  49  3:41  Drone  
  49  3:42  Drone  
  50  3:49  Drone  
  50  3:50  Drone x3  
  50  3:51  Overlord  
  54  4:08  Zergling x10  
  59  4:11  Spore Crawler  
  59  4:12  Spore Crawler  
  57  4:20  Zergling x12  
  62  4:24  Spore Crawler  
  62  4:25  Roach  
  62  4:26  Overlord  
  62  4:30  Lair  
  62  4:31  Roach  
  65  4:35  Overlord x2  
  65  4:40  Overlord  
  65  4:49  Roach x3  
  71  4:53  Overlord  
  71  4:58  Roach  
  71  5:07  Roach  
  71  5:09  Drone  
  71  5:10  Drone x7  
  81  5:19  Extractor x2  
  81  5:20  Evolution Chamber  
  73  5:30  Drone x2  
  73  5:31  Drone x6  
  80  5:44  Glial Reconstitution  
  80  5:48  Overlord x2  
  80  5:50  Zergling x2  
  80  5:51  Zergling x10  
  80  5:55  Zergling x2  
  85  5:59  Overlord  
  85  6:03  Drone x4  
  87  6:05  Extractor  
  87  6:09  Extractor  
  84  6:13  Overseer  
  84  6:14  Overlord x4  
  84  6:17  Drone x4  
  88  6:26  Drone x3  
  91  6:38  Drone x3  
  94  6:43  Roach x6  
  94  6:46  Zerg Missile Weapons Level 1  
  106  6:50  Roach x3  
  112  6:58  Roach x2  
  112  6:59  Roach x2  
  120  7:02  Roach  
  122  7:10  Roach x5  
  122  7:14  Overlord x2  
  132  7:18  Roach x2  
  132  7:20  Hatchery  
  135  7:23  Roach x2  
  135  7:28  Roach  
  141  7:38  Roach x4  
  141  7:39  Roach x5  
  159  7:45  Infestation Pit  
  159  7:46  Hydralisk Den  
  159  7:50  Roach  
  159  7:51  Roach x4  
  167  7:56  Overlord  
  167  7:59  Roach x2  
  167  8:04  Roach  
  167  8:05  Overseer  
  173  8:07  Roach x2  
  173  8:10  Overlord x2  
  177  8:18  Roach  
  174  8:25  Roach x7  
  177  8:37  Roach  
  148  8:41  Roach  
  148  8:42  Roach x5  
  148  8:46  Roach x4  
  134  8:48  Roach x2  
  134  8:54  Hive  
  123  8:55  Zergling x2  
  123  8:56  Zergling x2  
  123  8:59  Zergling x2  
  123  9:02  Zergling x8  
  128  9:07  Hydralisk, Muscular Augments  
  130  9:11  Zergling x2  
  130  9:12  Zergling x2  
  130  9:15  Extractor  
  131  9:22  Zergling x2  
  131  9:23  Zergling x10  
  133  9:24  Hydralisk  
  131  9:32  Zergling x2  
  131  9:37  Roach  
  131  9:38  Roach x4, Zergling x2  
  114  9:39  Zergling x6  
  114  9:41  Roach x2  
  114  9:42  Roach x2  
  110  9:47  Roach x2  
  110  9:50  Roach  
  103  9:55  Roach x6  
  112  10:02  Hydralisk x2  
  111  10:07  Roach x3  
Show
View Real Time Build Order
Export as new Build Order

MCanning Protoss - Winner!

Build Orders: 1 Gate Expand, Zealot Archon, Dark Templar Rush 

Get SALT Encoding   

  12  0:00  Probe  
  13  0:12  Probe  
  14  0:19  Pylon  
  14  0:24  Probe  
  15  0:37  Probe (Chrono Boost), Gateway  
  16  0:47  Assimilator, Probe (Chrono Boost)  
  17  0:52  Probe (Chrono Boost)  
  18  1:03  Probe  
  19  1:15  Probe  
  20  1:23  Nexus  
  20  1:33  Cybernetics Core  
  20  1:36  Probe  
  21  1:41  Assimilator  
  21  1:48  Probe  
  21  1:51  Pylon  
  22  2:00  Probe  
  23  2:07  Adept (Chrono Boost)  
  23  2:08  Probe  
  26  2:16  Probe  
  26  2:18  Warp Gate  
  27  2:27  Probe  
  22  2:30  Stalker (Chrono Boost)  
  28  2:33  Twilight Council  
  30  2:38  Probe  
  30  2:39  Probe  
  32  2:50  Probe  
  32  2:51  Probe  
  34  2:56  Robotics Facility  
  34  3:02  Probe  
  34  3:03  Probe  
  36  3:15  Probe (Chrono Boost)  
  36  3:16  Dark Shrine  
  38  3:21  Probe (Chrono Boost)  
  38  3:24  Probe (Chrono Boost)  
  38  3:25  Gateway  
  39  3:28  Probe (Chrono Boost)  
  39  3:29  Probe (Chrono Boost)  
  41  3:35  Gateway  
  41  3:39  Gateway, Probe  
  41  3:41  Probe  
  43  3:45  Warp Prism (Chrono Boost)  
  43  3:52  Pylon  
  45  3:57  Assimilator  
  45  3:59  Assimilator, Probe  
  46  4:07  Pylon  
  46  4:10  Probe  
  46  4:11  Probe  
  46  4:13  Warp Prism (Chrono Boost)  
  50  4:23  Probe  
  50  4:24  Probe  
  52  4:30  Dark Templar x2  
  56  4:33  Dark Templar  
  56  4:35  Probe  
  56  4:36  Probe  
  60  4:40  Pylon  
  60  4:47  Pylon  
  60  5:00  Nexus  
  60  5:07  Dark Templar x2  
  60  5:08  Dark Templar  
  60  5:11  Dark Templar  
  68  5:14  Probe  
  68  5:17  Probe  
  67  5:26  Probe  
  66  5:29  Probe  
  66  5:35  Pylon  
  66  5:38  Probe  
  66  5:42  Probe  
  66  5:51  Probe  
  66  5:53  Nexus  
  66  5:56  Robotics Bay  
  65  5:57  Robotics Facility  
  65  5:59  Probe  
  65  6:03  Blink, Probe  
  65  6:05  Gateway  
  65  6:06  Zealot  
  65  6:07  Gateway  
  65  6:08  Shield Battery  
  67  6:12  Probe  
  67  6:15  Gateway  
  67  6:16  Observer  
  67  6:17  Gateway  
  69  6:22  Probe  
  70  6:28  Probe  
  71  6:34  Probe  
  72  6:40  Probe  
  72  6:41  Disruptor (Chrono Boost), Dark Templar, Forge  
  72  6:43  Pylon  
  72  6:45  Disruptor (Chrono Boost)  
  72  6:47  Probe  
  82  6:49  Archon  
  82  6:52  Probe  
  83  7:00  Probe  
  84  7:04  Probe  
  84  7:08  Pylon, Disruptor (Chrono Boost), Probe  
  86  7:09  Assimilator  
  86  7:12  Disruptor (Chrono Boost)  
  92  7:20  Photon Cannon  
  92  7:23  Photon Cannon x2  
  92  7:31  Dark Templar, Zealot x2  
  92  7:34  Disruptor (Chrono Boost)  
  92  7:36  Pylon, Disruptor (Chrono Boost)  
  104  7:49  Pylon, Stalker  
  104  7:51  Pylon  
  106  7:52  Archon  
  106  7:58  Stalker x4  
  114  8:00  Shield Battery  
  114  8:02  Shield Battery  
  114  8:10  Stalker x2  
  114  8:11  Stalker  
  120  8:15  Pylon  
  118  8:21  Disruptor  
  121  8:28  Stalker x2  
  121  8:30  Zealot x3  
  131  8:37  Zealot x2  
  125  8:46  Stalker  
  119  8:52  Stalker x4  
  119  8:54  Probe  
  126  8:59  Probe  
  127  9:05  Photon Cannon  
  127  9:07  Pylon, Shield Battery  
  127  9:10  Dark Templar  
  127  9:12  Dark Templar  
  131  9:23  Stalker x2  
  131  9:24  Stalker x3  
  137  9:36  Zealot  
  123  9:47  Stalker x4  
  123  9:48  Stalker  
  129  9:58  Zealot x3  
  131  10:06  Probe  
  129  10:08  Assimilator  
  127  10:15  Stalker x5  
  137  10:22  Nexus  
Tags
 
Add a new tag
Caveats
  • Supply blocks, unpowered buildings, or Contaminate may cause inaccurate times.
  • Supply counts are checked every 10 seconds.